AoeStats
← _vishi_

Black Forest

506595445Analyzed
4v4 RM · 18d ago on Sep 14, 2026· 42m 30s· 8 players
Game mode
Random Map
Map size
Large (8 player)
Population
200
Speed
Normal
Resources
Standard
Victory
Conquest
Starting age
Dark Age
Ending age
Imperial Age
RankedLock teamsTeams togetherTeam positionsShared explorationLock speedFull tech treeHidden civsTurbo modeCheats
Victory
Defeat
🇨🇳 Persians · China
1484
+13
🇧🇷 Chinese · Brazil
1444
+14
🇿🇦 Bohemians · South Africa
1438
+15
🇨🇳 Georgians · China
1381
+17
🇦🇺 Inca · Australia
1492
-19
🇮🇳 Britons · India
1397
-14
🇺🇸 Bohemians · United States
1372
-13
🇮🇳 Teutons · India
1372
-13
逆·风
0:26 Loom
12:34 Feudal Age
13:25 Double-Bit Axe
13:21 Horse Collar
15:35 Wheelbarrow
15:28 Fishing Lines
16:04 Town Watch
23:21 Castle Age
23:06 Gold Mining
23:07 Stone Mining
23:17 Fletching
24:29 Bow Saw
24:14 Gillnets
24:59 Heavy Plow
27:39 Hand Cart
28:00 Caravan
28:07 Bodkin Arrow
28:57 Padded Archer Armor
33:58 Imperial Age
32:32 Gold Shaft Mining
32:34 Stone Shaft Mining
32:10 Masonry
33:05 Leather Archer Armor
33:05 Fortified Wall
33:16 Ballistics
33:11 Elite Skirmisher
33:57 Thumb Ring
34:46 Bracer
35:52 Chemistry
35:18 Conscription
38:06 Ring Archer Armor
39:34 Capped Ram
41:30 Coinage
40:58 Elite Chu Ko Nu
2468899547
4:48 Loom
11:41 Feudal Age
12:23 Gold Mining
12:31 Double-Bit Axe
16:56 Castle Age
15:10 Fishing Lines
15:32 Horse Collar
17:50 Bow Saw
19:14 Heavy Plow
19:08 Gillnets
19:29 Stone Mining
20:15 Wheelbarrow
25:29 Hand Cart
29:16 Imperial Age
26:36 Town Watch
27:09 Scale Barding Armor
27:15 Forging
28:19 Stone Shaft Mining
27:34 Gold Mining
28:06 Husbandry
28:18 Bloodlines
29:22 Chain Barding Armor
29:38 Iron Casting
29:30 Devotion
30:11 Crop Rotation
29:46 Elite War Elephant
31:13 Conscription
32:09 Gold Shaft Mining
31:36 Town Patrol
32:20 Plate Barding Armor
32:57 Blast Furnace
32:44 Guilds
34:16 Faith
41:05 Fervor
帝国孙笑川
11:58 Feudal Age
15:24 Castle Age
13:15 Double-Bit Axe
16:44 Bow Saw
17:47 Fishing Lines
18:39 Gillnets
19:47 Horse Collar
21:18 Heavy Plow
24:07 Wheelbarrow
23:54 Sanctity
23:22 Loom
25:05 Hand Cart
29:23 Imperial Age
26:39 Treadmill Crane
27:26 Town Watch
27:49 Gold Mining
27:49 Stone Mining
28:31 Scale Barding Armor
28:37 Forging
28:17 Fletching
29:32 Ballistics
30:09 Coinage
30:02 Chain Barding Armor
29:58 Masonry
30:28 Stone Shaft Mining
31:19 Chemistry
30:10 Guard Tower
29:49 Capped Ram
30:39 Bodkin Arrow
31:22 Plate Barding Armor
31:28 Conscription
32:21 Bracer
32:22 Padded Archer Armor
33:02 Iron Casting
32:19 Arrowslits
31:59 Light Cavalry
32:50 Bloodlines
32:16 Elite Skirmisher
33:16 Aznauri Cavalry
33:52 Banking
34:14 Crop Rotation
35:17 Keep
34:51 Elite Monaspa
37:11 Svan Towers
38:06 Onager
39:24 Husbandry
39:20 Siege Ram
41:21 Blast Furnace
Pielover757
0:53 Loom
12:27 Feudal Age
16:04 Castle Age
14:09 Double-Bit Axe
17:30 Bow Saw
17:42 Town Watch
20:51 Fishing Lines
23:20 Gillnets
25:44 Fervor
26:45 Wheelbarrow
26:30 Horse Collar
31:35 Imperial Age
30:29 Chemistry
31:12 Hand Cart
31:04 Padded Archer Armor
31:53 Devotion
31:40 Houfnice
32:47 Conscription
33:36 Heavy Plow
34:28 Scale Mail Armor
34:38 Forging
35:02 Siege Engineers
39:21 Leather Archer Armor
40:10 Two-Man Saw
42:21 Wagenburg Tactics
42:26 Hussite Reforms
42:57 Ring Archer Armor
42:35 Caravan
43:06 Coinage
42:46 Guilds
Vishu
5:40 Loom
11:38 Feudal Age
15:53 Castle Age
13:52 Double-Bit Axe
14:44 Horse Collar
24:17 Bow Saw
24:00 Gold Mining
25:14 Wheelbarrow
26:37 Caravan
26:45 Fishing Lines
27:00 Stone Mining
28:09 Hand Cart
29:03 Redemption
32:22 Imperial Age
30:27 Bloodlines
30:34 Town Watch
30:56 Scale Barding Armor
31:01 Forging
31:05 Masonry
31:12 Masonry
32:23 Fervor
32:35 Sanctity
32:42 Onager
33:01 Cavalier
35:11 Paladin
37:50 Illumination
37:42 Block Printing
39:42 Scale Mail Armor
40:17 Iron Casting
39:07 Pikeman
39:09 Man-at-Arms
39:38 Gambesons
39:53 Squires
40:17 Halberdier
40:58 Squires
41:15 Chain Mail Armor
_vishi_
7:55 Loom
11:39 Feudal Age
15:31 Castle Age
13:22 Double-Bit Axe
15:13 Wheelbarrow
14:31 Horse Collar
17:09 Bow Saw
17:45 Heavy Plow
27:54 Imperial Age
25:31 Fletching
26:22 Hand Cart
26:51 Gold Mining
26:52 Stone Mining
27:48 Ballistics
28:07 Elite Longbowman
29:52 Bodkin Arrow
29:57 Padded Archer Armor
30:41 Gold Shaft Mining
32:23 Chemistry
31:49 Conscription
32:23 Hoardings
32:28 Bracer
33:07 Hoardings
32:55 Yeomen
33:43 Pikeman
34:24 Squires
34:41 Leather Archer Armor
34:26 Scale Mail Armor
34:37 Forging
34:54 Warwolf
37:03 Ring Archer Armor
36:49 Chain Mail Armor
36:14 Halberdier
36:39 Arson
36:40 Gambesons
38:20 Sappers
39:25 Hoardings
39:28 Iron Casting
40:04 Plate Mail Armor
40:21 Caravan
40:32 Guilds
alexisjcw
0:49 Loom
14:21 Feudal Age
16:01 Town Watch
20:29 Castle Age
19:21 Double-Bit Axe
21:29 Wheelbarrow
20:38 Horse Collar
22:13 Fletching
28:27 Heavy Plow
28:40 Bow Saw
29:37 Wheelbarrow
29:26 Fervor
30:35 Sanctity
30:21 Scale Mail Armor
30:47 Squires
30:34 Arson
30:40 Pikeman
31:40 Fishing Lines
33:35 Caravan
36:48 Imperial Age
34:59 Chain Mail Armor
36:02 Chemistry
35:48 Forging
36:01 Bodkin Arrow
37:10 Iron Casting
37:00 Treadmill Crane
37:31 Masonry
38:21 Plate Mail Armor
37:50 Halberdier
40:20 Blast Furnace
39:35 Siege Engineers
40:14 Bracer
41:48 Two-Man Saw
ZombieRabbit
0:49 Loom
12:28 Feudal Age
12:49 Champi Runner
13:16 Arson
14:26 Horse Collar
14:35 Double-Bit Axe
14:37 Horse Collar
15:28 Forging
15:18 Scale Mail Armor
21:32 Castle Age
22:37 Squires
24:07 Wheelbarrow
24:58 Heavy Plow
25:17 Bow Saw
27:42 Hand Cart
28:53 Redemption
31:45 Caravan
34:42 Imperial Age
32:38 Gold Mining
32:29 Pikeman
33:45 Fletching
33:55 Padded Archer Armor
34:07 Champi Warrior
34:24 Elite Skirmisher
35:10 Thumb Ring
35:51 Iron Casting
35:14 Bodkin Arrow
35:34 Leather Archer Armor
35:45 Conscription
35:48 Halberdier
37:56 Block Printing
Connection lost

Rejoining the realm…

Still unreachable

The connection could not be restored.

Session expired

The server has moved on; the page needs a fresh start.